Map: Abyssal Reef LE

Players

Musumeci

  • Race: Zerg Zerg
  • League: Diamond
  • Spawn Location: 5:00

A.I. 1 (Very Easy) - Winner!

  • Race: Zerg Zerg
  • Spawn Location: 11:00

VOD

Have the link to the VOD?

Description

Time

  • Played on: Jan. 28, 2017, 12:36 p.m.
  • Length: 5:17
Show
View Real Time Build Order
Export as new Build Order

Musumeci Zerg 

Build Orders:  

Get SALT Encoding   

  12  0:01  Drone  
  13  0:14  Drone  
  14  0:36  Hatchery  
Show
View Real Time Build Order
Export as new Build Order

A.I. 1 (Very Easy) Zerg - Winner!

Build Orders: Pool Only 

Get SALT Encoding   

  12  0:00  Drone  
  13  0:12  Overlord  
  13  0:16  Drone  
  14  0:36  Spawning Pool  
  14  0:37  Extractor  
  14  0:40  Drone  
  13  0:47  Drone  
  14  0:53  Overlord  
  14  1:23  Zergling x2  
  15  1:26  Queen  
  17  1:35  Roach Warren  
  17  1:38  Drone  
  17  1:42  Extractor  
  16  1:47  Drone  
  16  1:50  Zergling x2  
  18  2:05  Drone  
  19  2:13  Drone  
  20  2:16  Zergling x2  
  20  2:21  Drone  
  22  2:32  Overlord  
  22  2:36  Drone  
  23  2:43  Roach  
  23  2:44  Drone  
  26  2:54  Drone  
Tags
 
League
Diamond
Matchup
ZvZ
Opening
Pool Only
Race
Zerg
Replay Pack
replay pack
Spawn Locations
Cross Positions
Add a new tag
Caveats
  • Supply blocks, unpowered buildings, or Contaminate may cause inaccurate times.
  • Supply counts are checked every 10 seconds.